 Dungeon Crawl Stone Soup version 0.27-a0-93-g19769c27d7 (webtiles) character file.

Game seed: 13356860722915528373

2762 Essalna the Thaumaturge (level 9, -1/48 HPs)
             Began as a Deep Elf Air Elementalist on Jan 17, 2021.
             Was a Follower of Vehumet.
             Slain by Maggie
             ... wielding a +2 morningstar of pain
              (14 damage)
             ... on level 8 of the Dungeon.
             The game lasted 00:27:30 (9300 turns).

Essalna the Thaumaturge (Deep Elf Air Elementalist) Turns: 9300, Time: 00:27:31

Health: -1/48      AC:  8    Str:  5    XL:     9   Next: 42%
Magic:  17/25      EV: 14    Int: 30    God:    Vehumet [*.....]
Gold:   495        SH:  5    Dex: 15    Spells: 22/29 levels left

rFire    + . .     SeeInvis .   I - staff of air
rCold    + . .     Faith    .   B - +1 buckler {AC+3}
rNeg     . . .     Spirit   .   a - +0 robe
rPois    .         Reflect  .   J - +1 helmet "Ulenyg" {rElec rC++ Stlth+}
rElec    +         Harm     .   (no cloak)
rCorr    .         Rampage  .   E - +0 pair of gloves
Will     .....                  (no boots)
Stlth    +++.......             (no amulet)
HPRegen  0.16/turn              p - +6 ring of intelligence
MPRegen  0.19/turn              N - ring of fire (curse)

@: lethally poisoned (-1 -> -12)
A: no striking features
a: Renounce Religion


You were on level 8 of the Dungeon.
You worshipped Vehumet.
Vehumet was aware of your devotion.
You visited 2 branches of the dungeon, and saw 9 of its levels.
You also visited: Ossuary.

You collected 495 gold pieces.

Inventory:

Hand Weapons
 e - a +0 dagger
 s - a +2 dagger of venom
 x - a +0 hand axe of electrocution
 y - the +12 quarterstaff of Vangak {spect, Str-3 Dex+6}
   (You found it on level 5 of the Dungeon)

   It retains the spirit of the tree from which it was made.
   In the hands of one skilled in evocations this spirit is drawn out to fight
   along side the wielder.
   It affects your strength (-3).
   It affects your dexterity (+6).
Armour
 a - a +0 robe (worn)
 l - a cursed +0 leather armour
 r - a +0 helmet
 u - the +1 scale mail of Cowardice {Will+, unknown}
   (You found it on level 4 of the Dungeon)

   It affects your willpower, your defense against some magical effects.
 B - a +1 buckler of protection (worn)
 E - a +0 pair of gloves (worn)
 F - the +1 helmet "Muqyrphoag" {rC+ rCorr Int-3}
   (You found it on level 7 of the Dungeon)

   It affects your intelligence (-3).
   It protects you from cold.
   It provides partial protection from all sources of acid and corrosion.
 G - a +0 buckler
 J - the +1 helmet "Ulenyg" (worn) {rElec rC++ Stlth+}
   (You acquired it on level 8 of the Dungeon)

   It greatly protects you from cold.
   It insulates you from electricity.
   It makes you more stealthy.
Magical Staves
 I - an uncursed staff of air (weapon)
Jewellery
 p - a +6 ring of intelligence (left hand)
 N - a cursed ring of fire (right hand)
Wands
 q - a wand of digging (7)
 C - a wand of flame (8)
 P - a wand of random effects (32)
Scrolls
 b - 10 scrolls of identify {unknown}
 c - 4 scrolls of enchant weapon
 d - 4 scrolls of teleportation {unknown}
 h - 3 scrolls of amnesia {unknown}
 i - 5 scrolls of remove curse
 k - 3 scrolls of magic mapping
 v - 2 scrolls of fear
 w - 2 scrolls of fog
 D - 2 scrolls of blinking
 K - 3 scrolls of random uselessness {unknown}
 L - 5 scrolls of holy word {unknown}
Potions
 f - 2 potions of cancellation {unknown}
 g - a potion of magic {unknown}
 j - 3 potions of heal wounds {unknown}
 m - a potion of ambrosia {unknown}
 n - 3 potions of haste {unknown}
 o - a potion of brilliance {unknown}
 t - a potion of berserk rage {unknown}
 z - a potion of curing
 A - a potion of lignification {unknown}
 H - 2 potions of might {unknown}
 M - a potion of mutation {unknown}
 O - a potion of flight {unknown}


   Skills:
 + Level 2.1 Fighting
 + Level 2.1 Armour
 + Level 4.1 Dodging
 - Level 2.4 Stealth
 + Level 1.9 Shields
 + Level 10.8 Spellcasting
 - Level 3.0 Conjurations
 + Level 8.6 Air Magic


You had 22 spell levels left.
You knew the following spells:

 Your Spells              Type           Power        Failure   Level
a - Shock                 Conj/Air       100%         1%          1
b - Swiftness             Air            80%          1%          2
c - Airstrike             Air            40%          1%          4

Your spell library contained the following spells:

 Spells                   Type           Power        Failure   Level
 Magic Dart               Conj           100%         1%          1
 Static Discharge         Conj/Air       67%          1%          3
 Lightning Bolt           Conj/Air       33%          11%         5


Dungeon Overview and Level Annotations

Branches:
Dungeon (8/15)             Temple (1/1) D:6         Ossuary (visited)
   Lair: D:8-11

Altars:
Ashenzari
Cheibriados
Dithmenos
Elyvilon
Fedhas
Gozag
Hepliaklqana
Kikubaaqudgha
Makhleb
Nemelex Xobeh
Okawaru
Qazlal
Ru
Sif Muna
Trog
Uskayaw
Vehumet
Wu Jian
Xom
Yredelemnul
Zin
The Shining One

Shops:
D:7 }   D:8 !

Annotations:
D:8 Maggie


Message History

You are poisoned.
The killer bee poisons you!
Maggie hits you with a +2 morningstar of pain.
The killer bee stings you.
You are more poisoned.
The killer bee poisons you!
Aiming: Shock (safe; 1% risk of failure)
Press: ? - help, Q - select action, (/) - cycle Shift-Dir - straight line You feel a surge of power!
The zap hits Maggie.
Maggie is heavily wounded.
The zap hits the killer bee.
The killer bee is lightly wounded.
The zap hits the killer bee!
The killer bee is severely wounded.
The zap hits Maggie but does no damage.
Maggie is heavily wounded.
* * * LOW HITPOINT WARNING * * *
You feel sick. The killer bee misses you.
Maggie hits you with a +2 morningstar of pain!
You die...

...#.#*,,*,........#.#****
...#.##..,,**........,,,,*
...#.##.#****,#..#..,#.#**
...####.# #,#...@#*#.#
.### #.#####.#....###.# .#
#..##.......y.##.# .#
#..#*#........##.# .#
####..#########y.##.# .#
#.....#......@@y.##.# .#
#.#.#.###....y##.##.# .#
#.#.#.###..<........# .#
#.#.#..รท..........###
.###.#.#####.###...#.#
.....#.# #......##.####
.###...# ####.........#
.###.### #.#.#######
.......# #.#.#....#


You could see Maggie and 3 killer bees.

Vanquished Creatures
  Duvessa (D:7)
  An orc warrior (D:4)
  2 phantoms
  A sky beast (D:6)
  2 centaurs (D:7)
  A necrophage (D:4)
  An ogre (D:6)
  4 bullfrogs
  Dowan (D:7)
  A scorpion (D:4)
  3 killer bees (D:8)
  3 wights (D:8)
  A bullfrog zombie (D:7)
  2 centaur zombies (Ossuary)
  A jelly (D:5)
  A quasit (D:7)
  A bullfrog skeleton (D:8)
  6 orc priests
  Crazy Yiuf (D:4)
  A centaur skeleton (D:4)
  10 orc wizards
  3 hounds
  2 iguanas
  2 worker ants
  3 big kobold zombies (Ossuary)
  A hound zombie (D:5)
  6 mummies (Ossuary)
  A howler monkey zombie (D:5)
  12 adders
  A shadow imp (D:8)
  2 white imps
  An ufetubus (D:8)
  2 oozes
  An adder skeleton (D:5)
  3 worms
  3 dart slugs
  2 leopard geckos
  28 orcs
  2 ball pythons
  13 giant cockroaches
  8 goblins
  12 hobgoblins
  7 jackals
  5 quokkas
  8 bats
  8 frilled lizards
  3 hobgoblin zombies (Ossuary)
  4 kobolds
  A quokka skeleton (D:4)
  10 rats
199 creatures vanquished.

Vanquished Creatures (others)
  A fungus (D:4)
1 creature vanquished.

Grand Total: 200 creatures vanquished

Notes
Turn   | Place    | Note
-------+----------+-------------------------------------------
     0 | D:1      | Essalna the Deep Elf Air Elementalist began the quest for
                  | the Orb.
     0 | D:1      | Reached XP level 1. HP: 10/10 MP: 6/6
   177 | D:1      | Reached XP level 2. HP: 15/15 MP: 4/8
   481 | D:1      | Reached XP level 3. HP: 19/19 MP: 5/10
  1052 | D:2      | Reached skill level 4 in Spellcasting
  1577 | D:2      | Reached XP level 4. HP: 24/24 MP: 7/12
  2945 | D:3      | Learned a level 2 spell: Swiftness
  2950 | D:3      | Learned a level 4 spell: Airstrike
  3327 | D:3      | Found an iron altar of Okawaru.
  3327 | D:3      | Found a bloodstained altar of Trog.
  3332 | D:3      | Reached XP level 5. HP: 28/28 MP: 10/14
  3471 | D:4      | Reached skill level 5 in Spellcasting
  3656 | D:4      | Reached XP level 6. HP: 32/32 MP: 9/16
  3774 | D:4      | Noticed an orc warrior
  3780 | D:4      | Killed an orc warrior
  3781 | D:4      | Reached skill level 6 in Spellcasting
  3781 | D:4      | Reached skill level 5 in Air Magic
  4234 | D:4      | Reached skill level 7 in Spellcasting
  4234 | D:4      | Reached XP level 7. HP: 36/36 MP: 12/19
  4456 | D:4      | Got an obsidian-studded scale mail
  4600 | D:4      | Found a runed translucent door.
  4601 | D:4      | Noticed Crazy Yiuf
  4914 | D:4      | Killed Crazy Yiuf
  4988 | D:5      | Entered Level 5 of the Dungeon
  5104 | D:5      | Reached skill level 8 in Spellcasting
  5700 | D:5      | Reached XP level 8. HP: 39/41 MP: 13/22
  6015 | D:5      | Got a bloodstained quarterstaff
  6016 | D:5      | Identified the +12 quarterstaff of Vangak {spect, Str-3
                  | Dex+6} (You found it on level 5 of the Dungeon)
  6176 | D:5      | Reached skill level 9 in Spellcasting
  6444 | D:6      | Found a staircase to the Ecumenical Temple.
  6453 | Temple   | Entered the Ecumenical Temple
  7052 | D:6      | Found a shimmering blue altar of Sif Muna.
  7061 | D:6      | Found a white marble altar of Elyvilon.
  7061 | D:6      | Found a blossoming altar of Fedhas.
  7062 | D:6      | Found a burning altar of Makhleb.
  7063 | D:6      | Found an ornate altar of the Wu Jian Council.
  7063 | D:6      | Found a radiant altar of Vehumet.
  7063 | D:6      | Found a broken altar of Ashenzari.
  7072 | D:6      | Became a worshipper of Vehumet
  7187 | D:6      | Found an opulent altar of Gozag.
  7187 | D:6      | Found a sparkling altar of Nemelex Xobeh.
  7217 | D:6      | Found a glowing golden altar of the Shining One.
  7264 | D:7      | Found Aschylusa's Gadget Emporium.
  7269 | D:7      | Reached skill level 10 in Spellcasting
  7446 | D:7      | Found a shimmering altar of Xom.
  7447 | D:7      | Found a shimmering altar of Xom.
  7447 | D:7      | Found a shimmering altar of Xom.
  7448 | D:7      | Found a shimmering altar of Xom.
  7452 | D:7      | Found a shimmering altar of Xom.
  7623 | D:7      | Noticed a hornet
  7623 | D:7      | a spriggan changed into a hornet
  7637 | D:7      | Noticed a polar bear
  7637 | D:7      | a hornet changed into a polar bear
  7654 | D:7      | Noticed a jumping spider
  7654 | D:7      | a polar bear changed into a jumping spider
  7661 | D:7      | a jumping spider changed into a floating eye
  7667 | D:7      | Noticed a deep troll
  7667 | D:7      | a floating eye changed into a deep troll
  7728 | D:7      | Noticed a cyclops
  7728 | D:7      | a deep troll changed into a cyclops
  7732 | D:7      | Noticed a wind drake
  7732 | D:7      | a cyclops changed into a wind drake
  7755 | D:7      | Got a distressingly furry helmet
  7810 | D:7      | Identified the +1 helmet "Muqyrphoag" {rC+ rCorr Int-3}
                  | (You found it on level 7 of the Dungeon)
  7983 | D:7      | Noticed Duvessa
  7985 | D:7      | Noticed Dowan
  7986 | D:7      | Killed Duvessa
  7987 | D:7      | Reached skill level 1 in Fighting
  7987 | D:7      | Reached skill level 1 in Armour
  7990 | D:7      | Killed Dowan
  8145 | D:7      | Noticed an alligator snapping turtle
  8145 | D:7      | Noticed a satyr
  8164 | D:7      | Reached XP level 9. HP: 47/47 MP: 8/25
  8287 | D:7      | Noticed a bunyip
  8288 | D:7      | Noticed a dire elephant
  8293 | D:7      | Noticed an eleionoma
  8307 | D:8      | Identified 3 scrolls of acquirement
  8307 | D:8      | Acquired an uncursed staff of air
  8310 | D:8      | Acquired the +1 helmet "Ulenyg" {rElec rC++ Stlth+}
  8322 | D:8      | Acquired a +1 buckler of protection
  8358 | D:8      | Reached skill level 1 in Shields
  8366 | D:8      | Reached * piety under Vehumet
  8366 | D:8      | Offered knowledge of Magic Dart by Vehumet.
  8388 | D:8      | Found a sand-covered staircase.
  8397 | Ossuary  | Entered an ossuary
  8647 | D:8      | Found Zingess's Distillery.
  9230 | D:7      | Noticed an azure jelly
  9284 | D:8      | Noticed Maggie
  9300 | D:8      | Slain by Maggie

Illustrated notes

Levels and vault maps discovered:
D:1:      dpeg_arrival_short_road, layout_loops_ring, serial_park_tiny_1,
          minmay_splitting_lines
D:2:      layout_basic
D:3:      minmay_roachtagon, layout_basic, gammafunk_temple_overflow_pools,
          minmay_diced_spiral
D:4:      layout_basic, hangedman_decor_lopped, uniq_crazy_yiuf_cottage
D:5:      layout_loops_ring, minivault_4, minmay_crossroads
D:6:      layout_loops_cross, grunt_temple_overflow_opulence, tso_altar,
          grunt_temple_overflow_open, minmay_temple_entry_large_hall
D:7:      layout_basic, xom_shifter_show, serial_shops, shop,
          chequers_serial_rivers_small_a, uniq_duvessa
D:8:      layout_basic, enter_ossuary_1, serial_shops, shop, uniq_maggie
Temple:   jpeg_temple_island

Skill      XL: |  1  2  3  4  5  6  7  8  9 |
---------------+----------------------------+-----
Conjurations   | 2 3 |  3.0
Spellcasting   | 4 5 7 8 10 | 10.8
Air Magic      | 4 5 7 8 |  8.6
Fighting       | 1 2 |  2.1
Armour         | 1 2 |  2.1
Dodging        | 3 4 |  4.1
Shields        | 1 |  1.9
Stealth        | |  2.4

Action                   |  1- 3 |  4- 6 |  7- 9 || total
-------------------------+-------+-------+-------++-------
Melee: Dagger            |     6 |     6 |       ||    12
       Hand axe          |       |       |    18 ||    18
       Quarterstaff      |       |       |     9 ||     9
       Staff             |       |       |     1 ||     1
 Cast: Shock             |    84 |   124 |   257 ||   465
       Airstrike         |       |     4 |    28 ||    32
Evoke: Wand              |       |       |    17 ||    17
  Use: Scroll            |       |     6 |     4 ||    10
 Stab: Sleeping          |       |     2 |       ||     2
Armor: Robe              |     5 |     3 |    35 ||    43
Dodge: Dodged            |    19 |    10 |    72 ||   101
Block: Buckler           |       |       |    12 ||    12

Table legend: (Time is in decaauts)
 A = Elapsed time spent in this place.
 B = Non-inter-level travel time spent in this place.
 C = Inter-level travel time spent in this place.
 D = Time resting spent in this place.
 E = Time spent auto-exploring this place.
 F = Levels seen in this place.
 G = Mean time per level.
                   A        B        C        D        E       F      G
               +--------+--------+--------+--------+--------+-----+--------+
         Total |   9306 |   8883 |    423 |    256 |   7457 |  10 |  930.6 |
       Dungeon |   8995 |   8599 |    396 |    256 |   7270 |   8 | 1124.4 |
        Temple |     81 |     54 |     27 |      0 |     44 |   1 |   81.0 |
       Ossuary |    228 |    228 |      0 |      0 |    143 |   1 |  228.0 |
               +--------+--------+--------+--------+--------+-----+--------+

Top non-repeatable levels by time:
     D:4: 1545 daAuts
     D:2: 1499 daAuts
     D:5: 1380 daAuts
     D:3: 988 daAuts
     D:7: 964 daAuts
     D:6: 961 daAuts
     D:1: 951 daAuts
     D:8: 703 daAuts
 Ossuary: 228 daAuts
  Temple: 81 daAuts
